 Dungeon Crawl Stone Soup version 0.27-a0-828-g8289197e94 (webtiles) character file.

Game seed: 6956238401276082444

364 funkygono the Magician (level 6, 0/61 HPs)
             Began as a Djinni Fire Elementalist on Mar 31, 2021.
             Slain by an unseen horror (4 damage)
             ... on level 5 of the Dungeon.
             The game lasted 00:10:10 (5339 turns).

funkygono the Magician (Djinni Fire Elementalist)   Turns: 5339, Time: 00:10:11

Health: 0/61       AC: 23    Str:  7    XL:     6   Next: 67%
Gold:   263        EV:  2    Int: 19    God:
                   SH:  0    Dex: 13

rFire    . . .     SeeInvis +   d - +1 dagger (drain)
rCold    . . .     Faith    .   (no shield)
rNeg     + + +     Spirit   .   (armour currently unavailable)
rPois    ∞         Reflect  .   (helmet currently unavailable)
rElec    .         Harm     .   (cloak currently unavailable)
rCorr    .         Rampage  .   (gloves currently unavailable)
Will     .....     NoTele   +   (boots unavailable)
Stlth    ++........             (no amulet)
HPRegen  0.20/turn              g - ring of see invisible
MPRegen  0.00/turn              (no ring)

@: tree-form
A: stationary, stasis, torment immunity, boosted hp, (fire resistance 2), (cold
vulnerability 1), float, innate caster, hp casting, extra vitality 1
a: no special abilities


You were on level 5 of the Dungeon.
You were a tree.
You visited 1 branch of the dungeon, and saw 5 of its levels.

You collected 263 gold pieces.

Inventory:

Hand Weapons
 d - a +1 dagger of draining (weapon)
 i - a +1 dagger of electrocution
Armour
 a - a +0 robe
 f - a +1 leather armour (melded)
 h - a +0 scale mail
 j - a +0 helmet (melded)
 n - a +0 pair of gloves (melded)
Magical Staves
 m - a staff of conjuration
Jewellery
 g - a ring of see invisible (left branch)
Potions
 b - a potion of heal wounds {unknown}
 c - 2 potions of lignification
 e - a potion of degeneration {unknown}
 k - a potion of mutation {unknown}
 l - a potion of curing {unknown}


   Skills:
 + Level 0.6 Fighting
 + Level 0.1 Short Blades
 + Level 1.5 Armour
 + Level 2.5 Dodging
 - Level 1.5 Stealth
 * Level 5.8 Spellcasting


You couldn't memorise any spells.
You knew the following spells:

 Your Spells              Type           Power      Damage    Failure   Level
a - Foxfire               Conj/Fire      100%       2x1d9     1%          1
b - Conjure Flame         Conj/Fire      27%        6-21      3%          3
c - Inner Flame           Hex/Fire       27%        N/A       3%          3
d - Sticky Flame          Conj/Fire      27%        2d5       11%         4
e - Fireball              Conj/Fire      13%        3d7       28%         5
f - Animate Skeleton      Necr           54%        N/A       1%          1
g - Wereblood             Tmut           27%        N/A       1%          2
Your spell library was empty.

Dungeon Overview and Level Annotations

Branches:
Dungeon (5/15)
 Temple: D:4-7

Altars:
Hepliaklqana
Sif Muna
The Shining One


Innate Abilities, Weirdness & Mutations

You are a tree.
Your roots penetrate the ground, keeping you stationary.
You cannot be teleported.
You are immune to unholy pain and torment.
Your maximum health is greatly increased.
Your equipment is partially melded.
You are immune to poison.
((Your flesh is very heat resistant. (rF++)))
((You are vulnerable to cold. (rC-)))
You float through the air rather than walking.
You learn spells naturally, not from books.
Your magical power is your life essence.
You have superior vitality. (+4 HP)


Message History

The foxfire hits the bullfrog skeleton.
The bullfrog skeleton is heavily damaged.
The foxfire hits the unseen horror but does no damage.
The unseen horror is moderately wounded.
The bullfrog skeleton hits you. The unseen horror barely misses you.
Casting: Foxfire (safe; 1% risk of failure)
Confirm with . or Enter, or press ? or * to list all spells.
You conjure some foxfire!
The foxfire hits the unseen horror.
The unseen horror is heavily wounded.
The unseen horror hits you! The unseen horror hits you.
The bullfrog skeleton closely misses you.
The bullfrog skeleton hits you but does no damage.
Casting: Foxfire (safe; 1% risk of failure)
Confirm with . or Enter, or press ? or * to list all spells.
You conjure some foxfire!
The foxfire hits the bullfrog skeleton!
The bullfrog skeleton is severely damaged.
The foxfire hits the bullfrog skeleton.
The bullfrog skeleton is severely damaged.
The unseen horror closely misses you.
The bullfrog skeleton closely misses you.
Casting: Foxfire (safe; 1% risk of failure)
Confirm with . or Enter, or press ? or * to list all spells.
You conjure some foxfire!
The foxfire hits the unseen horror but does no damage.
The unseen horror is heavily wounded.
The unseen horror hits you.
* * * LOW HITPOINT WARNING * * *
The bullfrog skeleton hits you!
* * * LOW HITPOINT WARNING * * *
It was a potion of lignification.
You turn into a tree.
Your +0 helmet melds into your body.
Your +0 pair of gloves melds into your body.
Your +1 leather armour melds into your body.
Your roots penetrate the ground.
The foxfire hits the bullfrog skeleton.
The bullfrog skeleton is almost destroyed.
The foxfire hits the bullfrog skeleton!
You destroy the bullfrog skeleton!
The unseen horror hits you but does no damage.
The unseen horror hits you.
You die...

##.. ###
.... .#
... ..#. .
.. #.#.# .
.#
#..#.#:#.#
#..#.#..#
#.##..#
#..x♣.#
#.###.###
#<..v...#
###.###.#
..... .#
### ### #


You could see an unseen horror (invisible).

Vanquished Creatures
  A bullfrog skeleton (D:5)
  Terence (D:2)
  2 orc wizards (D:4)
  An iguana (D:4)
  Robin (D:2)
  6 gnolls
  5 adders
  A white imp (D:4)
  An adder skeleton (D:4)
  A worm (D:4)
  3 dart slugs
  9 orcs
  12 endoplasms
  4 giant cockroaches
  6 hobgoblins
  8 jackals
  8 kobolds
  5 quokkas
  6 ball pythons
  4 bats
  A frilled lizard (D:2)
  20 goblins
  6 rats
112 creatures vanquished.

Vanquished Creatures (collateral kills)
  A gnoll (D:4)
  A giant cockroach (D:2)
  2 jackals (D:2)
  A foxfire (D:1)
5 creatures vanquished.

Vanquished Creatures (others)
  325 foxfires
  2 plants
327 creatures vanquished.

Grand Total: 444 creatures vanquished

Notes
Turn   | Place    | Note
-------+----------+-------------------------------------------
     0 | D:1      | funkygono the Djinni Fire Elementalist began the quest for
                  | the Orb.
     0 | D:1      | Reached XP level 1. HP: 15/15 MP: 0/0
   101 | D:1      | Reached skill level 3 in Spellcasting
   241 | D:1      | Reached XP level 2. HP: 7/21 MP: 0/0
  1157 | D:1      | Reached XP level 3. HP: 24/25 MP: 0/0
  1157 | D:1      | Learned a level 1 spell: Animate Skeleton
  1945 | D:2      | Reached skill level 4 in Spellcasting
  1945 | D:2      | Reached XP level 4. HP: 18/31 MP: 0/0
  2600 | D:2      | Noticed Terence
  2606 | D:2      | Killed Terence
  2607 | D:2      | Reached XP level 5. HP: 29/35 MP: 0/0
  2607 | D:2      | Learned a level 2 spell: Wereblood
  3061 | D:2      | Noticed Robin
  3065 | D:2      | Killed Robin
  3250 | D:2      | Found a hazy altar of Hepliaklqana.
  3910 | D:4      | Reached skill level 5 in Spellcasting
  4387 | D:4      | Reached skill level 1 in Armour
  4415 | D:4      | Found a glowing golden altar of the Shining One.
  4474 | D:4      | Reached XP level 6. HP: 36/40 MP: 0/0
  5321 | D:5      | Entered Level 5 of the Dungeon
  5325 | D:5      | Noticed an unseen horror
  5339 | D:5      | Slain by an unseen horror

Illustrated notes

Levels and vault maps discovered:
D:1:      giann_bridges, layout_basic
D:2:      layout_loops_ring, nicolae_hepliaklqana_hippocampus,
          amcnicky_mini_corridor_feature, uniq_robin, uniq_terence
D:3:      layout_basic, serial_bayou, serial_bayou_pond_e, serial_bayou_pond_d,
          serial_bayou_ford_a, serial_bayou_pond_e
D:4:      layout_cave_pools, lemuel_doored_altar, tso_altar
D:5:      layout_basic, kennysheep_mini_moat, portal_sewer_entry_a,
          minmay_manual_mess

Skill      XL: |  1  2  3  4  5 |
---------------+----------------+-----
Spellcasting   | 3 4 5 |  5.8
Armour         | 1 |  1.5
Fighting       | |  0.6
Short Blades   | |  0.1
Dodging        | |  2.5
Stealth        | |  1.5

Action                   |  1- 3 |  4- 6 || total
-------------------------+-------+-------++-------
Melee: Short sword       |     7 |     3 ||    10
       Dagger            |       |     3 ||     3
 Cast: Foxfire           |    63 |   130 ||   193
       Animate Skeleton  |     6 |    30 ||    36
       Conjure Flame     |       |     1 ||     1
  Use: Scroll            |     4 |     3 ||     7
       Potion            |       |     1 ||     1
Armor: Robe              |     6 |       ||     6
       Leather armour    |     3 |    18 ||    21
       Skin              |       |     1 ||     1
Dodge: Dodged            |    28 |    34 ||    62

Table legend: (Time is in decaauts)
 A = Elapsed time spent in this place.
 B = Non-inter-level travel time spent in this place.
 C = Inter-level travel time spent in this place.
 D = Time resting spent in this place.
 E = Time spent auto-exploring this place.
 F = Levels seen in this place.
 G = Mean time per level.
                   A        B        C        D        E       F      G
               +--------+--------+--------+--------+--------+-----+--------+
         Total |   5337 |   5154 |    183 |    336 |   4149 |   5 | 1067.4 |
       Dungeon |   5337 |   5154 |    183 |    336 |   4149 |   5 | 1067.4 |
               +--------+--------+--------+--------+--------+-----+--------+

Top non-repeatable levels by time:
     D:1: 1826 daAuts
     D:2: 1478 daAuts
     D:4: 1271 daAuts
     D:3: 743 daAuts
     D:5: 17 daAuts
